 Seeded DCSS version 0.31-a0-523-g071a6c1ffa (webtiles) character file.

Game seed: 17143295287354701534 (custom seed)

163 innerfire43 the Ruffian (level 5, 0/41 HPs)
             Began as a Gnoll Shapeshifter on Aug 10, 2023.
             Killed from afar by a white imp (14 damage)
             ... with a puff of frost
             ... on level 1 of the Dungeon on Aug 11, 2023.
             The game lasted 00:01:12 (1317 turns).

innerfire43 the Ruffian (Gnoll Shapeshifter)        Turns: 1317, Time: 00:01:13

Health: 0/41       AC:  2    Str: 15    XL:     5   Next: 44%
Magic:  5/7        EV: 14    Int:  7    God:
Gold:   86         SH:  0    Dex: 14    Spells: 7/7 levels left

rFire   . .          .
                       - Unarmed
rCold   . . .        (shield currently unavailable)
rNeg    . . .        a - +0 animal skin
rPois   .            (no helmet)
rElec   .            (no cloak)
rCorr   .            (no gloves)
SInv    .            (no boots)
Will    .....        (no amulet)
Stlth   +            (no ring)
HPRegen 0.26/turn    (no ring)
MPRegen 0.10/turn

%: no passive effects
@: flux-form, glowing
A: glow, contaminating, fangs 1, strong nose, distributed training
a: Begin Untransformation


You were on level 1 of the Dungeon.
You were something dangerously unstable.
You visited 1 branch of the dungeon, and saw 1 of its levels.

You collected 86 gold pieces.

Inventory:

Armour
 a - a +0 animal skin (worn)
Talismans
 c - a beast talisman
 d - a flux talisman (active)
 f - a talisman of death
Scrolls
 e - a scroll of teleportation {unknown}
 g - a scroll of identify {unknown}
 i - a scroll of torment {unknown}
 j - a scroll of blinking {unknown}
Potions
 b - a potion of lignification
 h - a potion of ambrosia {unknown}


   Skills:
 + Level 3.0 Fighting
 + Level 1.5 Short Blades
 + Level 1.5 Long Blades
 + Level 1.5 Axes
 + Level 1.5 Maces & Flails
 + Level 1.5 Polearms
 + Level 1.5 Staves
 + Level 1.5 Ranged Weapons
 + Level 1.5 Throwing
 + Level 1.5 Armour
 + Level 4.8 Dodging
 + Level 1.5 Stealth
 + Level 1.5 Shields
 + Level 6.7 Unarmed Combat
 + Level 1.5 Spellcasting
 + Level 1.2 Conjurations
 + Level 1.2 Hexes
 + Level 1.2 Summonings
 + Level 1.2 Necromancy
 + Level 1.2 Translocations
 + Level 1.2 Transmutations
 + Level 1.2 Fire Magic
 + Level 1.2 Ice Magic
 + Level 1.2 Air Magic
 + Level 1.2 Earth Magic
 + Level 1.2 Poison Magic
 + Level 1.7 Invocations
 + Level 1.5 Evocations
 + Level 6.6 Shapeshifting


You had 7 spell levels left.
You didn't know any spells.
Your spell library contained the following spells:

 Spells                   Type           Power      Damage    Failure   Level
 Cigotuvi's Dreadful Rot  Necr/Pois/Air  4%         N/A       36%         2
 Dispel Undead            Necr           2%         3d7       94%         4
 Death Channel            Necr           1%         N/A       100%        6


Dungeon Overview and Level Annotations

Branches:
Dungeon (1/15)

Altars:
Lugonu

Portals:
Abyss: D:1


Innate Abilities, Weirdness & Mutations

You are something dangerously unstable.
You glow with magical radiation, making you easy to see and hit.
Foes you strike become dangerously contaminated with magical radiation.
You are incapable of wielding weapons or throwing items.
You have very sharp teeth.
Your uncanny sense of smell can sniff out nearby items.
Your experience applies equally to all skills.


Message History

The crimson imp barely misses you. The white imp puffs mist at you.
Unknown command.
You barely miss the crimson imp.
The crimson imp is moderately wounded.
The crimson imp closely misses you.
Unknown command.
You hit the crimson imp.
The crimson imp shudders as magic cascades through it!!
You kill the crimson imp!
The shadow imp gestures at you. Pain shoots through your body!
Your Fighting skill increases to level 3!
Unknown command.
The shadow imp closely misses you.
Things that are here:
a quokka corpse; a ball python corpse You barely miss the shadow imp.
Unknown command.
You hit the shadow imp.
The shadow imp begins to glow.
The shadow imp is moderately wounded.
The shadow imp hits you.
Unknown command.
You hit the shadow imp.
The shadow imp glows dangerously bright.
The shadow imp is almost dead.
The shadow imp shouts, "Away with thee, thou fobbing ditch-delivered barnacle!"
The shadow imp barely misses you.
Unknown command.
You hit the shadow imp.
You kill the shadow imp!
Unknown command.
You hit the white imp but do no damage.
The white imp begins to glow.
The white imp hits you. The white imp freezes you.
Unknown command.
You hit the white imp.
The white imp glows dangerously bright.
The white imp is moderately wounded.
The white imp gestures at you. The puff of frost hits you!
You die...

#################################
.......................>.........
#########################..######
##########################.#
#...........5555B........#.#
..#....#...#g5########...#.#
...###...##..## ....#...#.#
..#.#...#..5#####....#...#.#
..#.........85#.#5∩..#...#.#
#..##.##......r.55...#...#.#
##...........5.555...#...#.#
....##......8.#.#55..#.....#
...#..#.....#####g5..#...#.#


You could see 2 white imps, 3 shadow imps and a hobgoblin.

Vanquished Creatures
  2 crimson imps (D:1)
  A quasit (D:1)
  An iron imp (D:1)
  A shadow imp (D:1)
  2 ball pythons (D:1)
  An endoplasm (D:1)
  2 giant cockroaches (D:1)
  3 goblins (D:1)
  2 hobgoblins (D:1)
  4 quokkas (D:1)
  4 bats (D:1)
  A frilled lizard (D:1)
  4 kobolds (D:1)
  2 rats (D:1)
30 creatures vanquished.

Notes
Turn   | Place    | Note
-------+----------+-------------------------------------------
     0 | D:1      | innerfire43 the Gnoll Shapeshifter began the quest for the
                  | Orb.
     0 | D:1      | Reached XP level 1. HP: 17/17 MP: 1/1
     0 | D:1      | Upgraded the game from 0.31-a0-521-gc7390f8997 to
                  | 0.31-a0-523-g071a6c1ffa
   129 | D:1      | Found a large runed translucent door.
   129 | D:1      | Found a large runed translucent door.
   129 | D:1      | Found a one-way gate to the infinite horrors of the Abyss.
   130 | D:1      | Noticed a crimson imp
   132 | D:1      | Noticed a quasit
   147 | D:1      | Found a corrupted altar of Lugonu.
   148 | D:1      | Noticed an iron imp
   149 | D:1      | Noticed a crimson imp
   337 | D:1      | Reached XP level 2. HP: 20/23 MP: 2/2
   903 | D:1      | Reached XP level 3. HP: 23/28 MP: 3/3
  1288 | D:1      | Reached skill level 1 in Short Blades
  1288 | D:1      | Reached skill level 1 in Long Blades
  1288 | D:1      | Reached skill level 1 in Axes
  1288 | D:1      | Reached skill level 1 in Maces & Flails
  1288 | D:1      | Reached skill level 1 in Polearms
  1288 | D:1      | Reached skill level 1 in Staves
  1288 | D:1      | Reached skill level 1 in Ranged Weapons
  1288 | D:1      | Reached skill level 1 in Throwing
  1288 | D:1      | Reached skill level 1 in Armour
  1288 | D:1      | Reached skill level 1 in Stealth
  1288 | D:1      | Reached skill level 1 in Shields
  1288 | D:1      | Reached skill level 1 in Spellcasting
  1288 | D:1      | Reached skill level 1 in Invocations
  1288 | D:1      | Reached skill level 1 in Evocations
  1288 | D:1      | Reached XP level 4. HP: 24/34 MP: 3/5
  1296 | D:1      | Reached skill level 1 in Conjurations
  1296 | D:1      | Reached skill level 1 in Hexes
  1296 | D:1      | Reached skill level 1 in Summonings
  1296 | D:1      | Reached skill level 1 in Necromancy
  1296 | D:1      | Reached skill level 1 in Translocations
  1296 | D:1      | Reached skill level 1 in Transmutations
  1296 | D:1      | Reached skill level 1 in Fire Magic
  1296 | D:1      | Reached skill level 1 in Ice Magic
  1296 | D:1      | Reached skill level 1 in Air Magic
  1296 | D:1      | Reached skill level 1 in Earth Magic
  1296 | D:1      | Reached skill level 1 in Poison Magic
  1301 | D:1      | Reached XP level 5. HP: 21/40 MP: 4/7
  1317 | D:1      | Killed from afar by a white imp

Illustrated notes

Levels and vault maps discovered:
D:1:      erik_arrival_cave_to_civilisation [erik_arrival_cave_to_temple],
          layout_basic, roderic_lattice_a, minmay_indecisive_spiral

Skill      XL: |  1  2  3  4  5 |
---------------+----------------+-----
Short Blades   | 1 |  1.5
Long Blades    | 1 |  1.5
Axes           | 1 |  1.5
Maces & Flails | 1 |  1.5
Polearms       | 1 |  1.5
Staves         | 1 |  1.5
Ranged Weapons | 1 |  1.5
Throwing       | 1 |  1.5
Armour         | 1 |  1.5
Stealth        | 1 |  1.5
Shields        | 1 |  1.5
Spellcasting   | 1 |  1.5
Invocations    | 1 |  1.7
Evocations     | 1 |  1.5
Conjurations   | 1 |  1.2
Hexes          | 1 |  1.2
Summonings     | 1 |  1.2
Necromancy     | 1 |  1.2
Translocations | 1 |  1.2
Transmutations | 1 |  1.2
Fire Magic     | 1 |  1.2
Ice Magic      | 1 |  1.2
Air Magic      | 1 |  1.2
Earth Magic    | 1 |  1.2
Poison Magic   | 1 |  1.2
Fighting       | 3 |  3.0
Dodging        | |  4.8
Unarmed Combat | |  6.7
Shapeshifting  | |  6.6

Action                     |  1- 3 |  4- 6 || total
---------------------------+-------+-------++-------
  Melee: Unarmed           |    77 |    24 ||   101
         Bite              |     7 |     2 ||     9
 Armour: Animal skin       |    15 |     1 ||    16
  Dodge: Dodged            |    61 |    11 ||    72
   Form: Flux              |     1 |       ||     1

Table legend: (Time is in decaauts)
 A = Elapsed time spent in this place.
 B = Non-inter-level travel time spent in this place.
 C = Inter-level travel time spent in this place.
 D = Time resting spent in this place.
 E = Time spent auto-exploring this place.
 F = Levels seen in this place.
 G = Mean time per level.
                   A        B        C        D        E       F      G
               +--------+--------+--------+--------+--------+-----+--------+
         Total |   1304 |   1238 |     66 |      0 |   1062 |   1 | 1304.0 |
       Dungeon |   1304 |   1238 |     66 |      0 |   1062 |   1 | 1304.0 |
               +--------+--------+--------+--------+--------+-----+--------+

Top non-repeatable levels by time:
     D:1: 1304 daAuts
